← All builds
Suicide front / Armada / Factory first / OBSERVED BUILD

Standard suicide front

Armada Suicide front build order · Supreme Isthmus

The role's baseline: Bot Lab at 0:21 then straight into reclaim-fed T1 bot production to contest the middle and hold until T2 arrives, with an Advanced Metal Extractor around 9:45.

#rush · 2038 distinct matches · 233 players · 72% of Armada Suicide front games · team won 59% of 2418 · Recently observed

HOW TO PLAY IT

Key timing: Bot Lab by 0:20

  1. Open with mex and lab-first to get Bot Lab up by 0:20.
  2. Expand mex and wind while lab pumps units toward middle.
  3. Push Sentry and early Rocketeer, Centurion to contest middle.
  4. Get T2 constructor out once Pond's boost lets you spare metal.
  5. Upgrade mex to Advanced Metal Extractor as you transition off T1 spam.

Phase by phase

TYPICAL OF ITS 2038 GAMES
  1. 1
  2. 2
  3. 3
PLAY THE OPENING

Follow the example game's first 6:00 step by step: what to build now, what comes next, and where it goes. At 1× it keeps pace with your own game.

  1. 1

    Bot Lab first

    Order
    1. Bot LabBot Lab done ~0:24, middle half 0:20–0:33

    Some games also: mex (44%)

  2. 2

    Bot Lab to 5:00

    Economy
    • Metal Extractor5Mex
    • Wind Turbine4Wind
    Builders
    • Construction Bot3 Con bot
    • Lazarus2 Lazarus
    Army
    • Sentry4 Sentry
    • Rocketeer16 Rocketeer
    • Tick2 Tick
    • Centurion1 Centurion
    Other
    • Radar Tower1 Radar Tower

    Some games also: pawn (38%) · con turret (34%)

    By 5:00 in all: 5 mex · 4 wind

    The example game in this phase · 36 steps
    1. Wind
    2. Construction BotCon bot
    3. Mex
    4. SentrySentry
    5. LazarusLazarus
    6. Mex
    7. Construction BotCon bot
    8. Mex
    9. SentrySentry
    10. Construction BotCon bot
    11. RocketeerRocketeer ×2
    12. SentrySentry
    13. Mex
    14. RocketeerRocketeer ×2
    15. SentrySentry
    16. PawnPawn
    17. SentrySentry
    18. RocketeerRocketeer
    19. Wind
    20. Mex
    21. RocketeerRocketeer
    22. Radar TowerRadar Tower
    23. SentrySentry
    24. Wind
    25. LazarusLazarus
    26. RocketeerRocketeer ×10
    27. LazarusLazarus
    28. SentrySentry
    29. Mex
    30. RocketeerRocketeer
    31. Wind
    32. RocketeerRocketeer
    33. Wind
    34. RocketeerRocketeer
    35. Wind
    36. Construction BotCon bot
  3. 3

    5:00 to 10:00

    Economy
    • Metal Extractor1Mex
    • Wind Turbine15Wind
    Builders
    • Construction Turret2 Con turret
    • Lazarus2 Lazarus
    • Construction Bot1 Con bot
    Army
    • Sentry1 Sentry
    • Rocketeer8 Rocketeer

    Some games also: pawn (49%) · Radar Tower (46%) · tick (45%) · centurion (44%) · energy storage (43%) · eat Bot Lab (31%)

    By 10:00 in all: 6 mex · 21 wind · 1 energy storage · 2 con turret

    The example game in this phase · 134 steps
    1. Construction BotCon bot
    2. RocketeerRocketeer
    3. Con turret
    4. RocketeerRocketeer
    5. LazarusLazarus
    6. Wind ×2
    7. LazarusLazarus
    8. Wind
    9. RocketeerRocketeer
    10. Wind
    11. RocketeerRocketeer
    12. Wind
    13. RocketeerRocketeer
    14. Wind
    15. RocketeerRocketeer
    16. Wind
    17. RocketeerRocketeer
    18. Energy storage
    19. Wind
    20. RocketeerRocketeer ×2
    21. Wind
    22. RocketeerRocketeer ×2
    23. Converter
    24. RocketeerRocketeer
    25. Wind
    26. RocketeerRocketeer
    27. Converter
    28. Wind
    29. LazarusLazarus
    30. Wind
    31. RocketeerRocketeer
    32. Converter
    33. LazarusLazarus
    34. Wind
    35. SentrySentry
    36. ThugThug
    37. CenturionCenturion
    38. Wind
    39. SentrySentry
    40. Wind
    41. ThugThug
    42. CenturionCenturion
    43. Wind
    44. ThugThug
    45. Mex
    46. Converter
    47. Wind
    48. CenturionCenturion
    49. SentrySentry
    50. Wind ×2
    51. CenturionCenturion
    52. SentrySentry
    53. Wind ×2
    54. Converter
    55. SentrySentry
    56. CenturionCenturion
    57. Wind ×2
    58. Construction BotCon bot ×2
    59. Wind
    60. SentrySentry
    61. Wind
    62. Construction BotCon bot
    63. Converter
    64. Wind
    65. Dragon's TeethDragon's Teeth ×5
    66. Wind
    67. Dragon's TeethDragon's Teeth
    68. Wind
    69. Dragon's TeethDragon's Teeth
    70. Wind
    71. Dragon's TeethDragon's Teeth ×3
    72. Converter
    73. Dragon's TeethDragon's Teeth
    74. Wind
    75. Dragon's TeethDragon's Teeth ×4
    76. Wind
    77. Con turret
    78. Advanced Metal ExtractorT2 mexdone 10:26 · typical 9:46
    79. Wind ×2
    80. Converter
    81. Wind ×2
    82. BeamerBeamer
    83. Wind
    84. Advanced Metal ExtractorT2 mex
    85. Construction BotCon bot
    86. BeamerBeamer
    87. Converter
    88. Construction BotCon bot
    89. QuakerQuakerdone 10:58
    90. Radar TowerRadar Tower
    91. Construction BotCon bot
    92. Advanced Metal ExtractorT2 mex
    93. Converter
    94. LasherLasher
    95. Mex
    96. Con turret
    97. Construction BotCon bot
    98. Advanced Metal ExtractorT2 mex
    99. Construction BotCon bot ×2
    100. Metal storage
    101. Construction BotCon bot
    102. Advanced Metal ExtractorT2 mex
    103. PawnPawn ×2
    104. Construction BotCon bot ×2
    105. PawnPawn
    106. Wind
    107. PawnPawn
    108. Wind
    109. PawnPawn ×2
    110. Construction BotCon bot
    111. Wind ×2
    112. Advanced Metal ExtractorT2 mex
    113. Construction BotCon bot
    114. Wind ×2
    115. Construction BotCon bot
    116. Con turret
    117. Construction BotCon bot
    118. Wind ×2
    119. Converter
    120. Wind ×2
    121. RattlesnakeRattlesnakedone 14:21
    122. BeamerBeamer ×2
    123. Converter
    124. Wind ×2
    125. Solar
    126. BeamerBeamer
    127. Solar
    128. Wind
    129. Solar
    130. Wind
    131. Advanced solar
    132. Wind ×4
    133. ArbalestArbalest
    134. Wind

Counts are medians over the build's games: half of them build more, half fewer. The example game is NEXUS_VI's (33 OS, 05/10/2026); pick another.

Team trades

IN AT LEAST 30% OF ITS GAMES

You hand over

Nothing regular.

You get

  • Tidal Generator4 Tidal from Pondfirst at 0:11 · in 68% of games
  • Advanced Construction Bot1 T2 con bot from Geo or Techfirst at 7:41 · in 57% of games

How it plays out

Typical game of this build, running totals by minute

Metal produced

010k20k
0:005:0010:0015:00

metal

Enemy metal destroyed

05k10k
0:005:0010:0015:00

metal

Own metal lost

05k10k
0:005:0010:0015:00

metal

2418 games.

Show as table
ByMetal produced: This buildEnemy metal destroyed: This buildOwn metal lost: This build
1:0023000
2:0088700
3:002009184130
4:003109644501
5:0041821350999
6:00534721831707
7:00653930542589
8:00775539383499
9:00904046924371
10:001041053125156
11:001188858565965
12:001357864016685
13:001539668707455
14:001730275038213
15:001925781138994
WHAT THE NUMBERS SAY

Standard Suicide front play wins a bit over half its games while taking the heaviest own losses of any role by 15:00.

  • + Produces 20142 metal by 15:00, highest of the front roles.
  • + First kill by 2:01 in all games, fastest contest of middle.
  • − Own metal lost hits 9178 by 15:00, more than enemy metal destroyed.
  • − Only 34% Rocketeer share shows army spread thin across many bot types.
THE EXAMPLE YOU ARE READING

NEXUS_VI

33.3 OS · 05/10/2026

Open source match ↗

16 received units · includes a constructor
73 metal received · 17065 energy received

Allied construction assistance is unknown. Timings are observations, not a promise of solo reproducibility.

Typical milestones

Bot Lab0:24Middle 50%: 0:20–0:33 · n=2410
Advanced Metal Extractor9:46Middle 50%: 8:50–10:58 · n=1749

Played most by

_X_264games of this buildPlatinumBlonde188games of this buildXad166games of this buildTrapCaT109games of this buildSoliloqueur81games of this build